 Dungeon Crawl Stone Soup version 0.30-a0-160-gcfceee88d3 (webtiles) character file.

Game seed: 13001102795995059437

41475 qw the Severer (level 14, -5/91 HPs)
             Began as a Gargoyle Fighter on Sept 27, 2022.
             Was a High Priest of Okawaru.
             Slain by a dire elephant (12 damage)
             ... on level 5 of the Lair of Beasts.
             The game lasted 00:06:49 (16361 turns).

qw the Severer (Gargoyle Fighter)                  Turns: 16361, Time: 00:06:50

Health: -5/91      AC: 36    Str: 26    XL:     14   Next: 15%
Magic:  21/21      EV: 15    Int:  8    God:    Okawaru [*****.]
Gold:   1518       SH: 11    Dex:  9    Spells: 13/13 levels left

rFire   . . .      SeeInvis .    Y - +2 broad axe
rCold   . . .      Faith    .    c - +0 buckler
rNeg    + . .      Spirit   .    n - +2 chain mail {Will+}
rPois   inf        Reflect  +    f - +2 helmet
rElec   +          Harm     .    (no cloak)
rCorr   .          Rampage  .    (no gloves)
Will    ++...                    e - +2 pair of boots
Stlth   ..........               v - amulet of reflection
HPRegen 0.25/turn                b - +4 ring of protection
MPRegen 0.17/turn                q - +4 ring of evasion

@: about to teleport, heroic, flying
A: sickness immunity, AC +10, big wings, negative energy resistance 1,
electricity resistance, torment resistance 1, petrification resistance
a: Renounce Religion, Heroism, Finesse, Duel


You were on level 5 of the Lair of Beasts.
You worshipped Okawaru.
Okawaru was extremely pleased with you.
You visited 3 branches of the dungeon, and saw 17 of its levels.

You collected 2244 gold pieces.
You spent 726 gold pieces at shops.


Innate Abilities, Weirdness & Mutations

You are immune to sickness and miasma.
Your stone body is resilient. (AC +10)
You are immune to poison.
Your large and strong wings let you fly.
You resist negative energy. (rN+)
You are resistant to electric shocks. (rElec)
You are resistant to unholy torment.
You are immune to petrification.


   Skills:
 + Level 11.9(16.9) Fighting
 - Level 15.0(20.0) Axes
 - Level 5.0(10.0) Throwing
 - Level 9.0(14.0) Armour
 - Level 3.0(8.0) Dodging
 - Level 7.1(12.1) Shields
 - Level 10.0 Invocations


You had 13 spell levels left.
You didn't know any spells.
Your spell library was empty.

Inventory:

Hand Weapons
 x - a +4 morningstar of holy wrath
 Y - a +2 broad axe (weapon)
Missiles
 i - 7 boomerangs
 p - 3 silver boomerangs
 z - 3 javelins (quivered)
 B - 2 boomerangs of dispersal
Armour
 c - a +0 buckler (worn)
 e - a +2 pair of boots (worn)
 f - a +2 helmet (worn)
 n - a +2 chain mail of willpower (worn)
 w - a +0 plate armour
Jewellery
 b - a +4 ring of protection (left hand)
 h - a ring of resist corrosion
 o - a ring of protection from cold
 q - a +4 ring of evasion (right hand)
 v - an amulet of reflection (around neck)
 D - a +6 ring of intelligence
 E - a ring of fire
Wands
 y - a wand of digging (7)
Scrolls
 a - 10 scrolls of identify
 s - 7 scrolls of teleportation
 A - a scroll of immolation {unknown}
Potions
 d - 2 potions of might
 g - 2 potions of lignification
 j - 5 potions of haste
 k - 9 potions of curing
 l - 4 potions of attraction
 m - a potion of mutation
 r - 3 potions of heal wounds
 t - 2 potions of resistance
 u - 2 potions of cancellation
 C - 2 potions of ambrosia {unknown}

Dungeon Overview and Level Annotations

Branches:
Dungeon (11/15)            Temple (1/1) D:4            Lair (5/5) D:11
  Swamp (0/4) Lair:2        Snake (0/4) Lair:3        Slime (0/5) Lair:4
    Orc (0/2) D:11

Altars:
Ashenzari
Cheibriados
Dithmenos
Elyvilon
Fedhas
Gozag
Hepliaklqana
Kikubaaqudgha
Makhleb
Nemelex Xobeh
Okawaru
Qazlal
Ru
Sif Muna
Trog
Uskayaw
Vehumet
Wu Jian
Xom
Yredelemnul
Zin
The Shining One
Jiyva

Shops:
D:10 (?(*   D:11 :

Portals:
Trove: D:11 (give 17 potions of curing)


Message History

You slash the dire elephant!
The dire elephant is heavily wounded.
You slash the dire elephant!
You completely miss the dire elephant simulacrum.
The dire elephant closely misses you. You block the dire elephant's attack.
You block the dire elephant simulacrum's attack.
The dire elephant simulacrum trunk-slaps you but does no damage.
You slash the dire elephant!
The dire elephant is heavily wounded.
You completely miss the dire elephant. You hit the dire elephant simulacrum.
The dire elephant tramples you!
You hold your ground!
You block the dire elephant's attack. The dire elephant misses you.
You block the dire elephant's attack.
You slash the dire elephant!
The dire elephant is severely wounded.
You hit the dire elephant. You hit the dire elephant simulacrum.
You block the dire elephant simulacrum's attack. x2
The dire elephant tramples you but does no damage.
The dire elephant trunk-slaps you but does no damage.
The dire elephant tramples you but does no damage.
The dire elephant trunk-slaps you but does no damage.
You hit the dire elephant.
The dire elephant is severely wounded.
You hit the dire elephant but do no damage.
You slash the dire elephant simulacrum!
The necromancer mumbles some strange words.
The necromancer binds the souls of nearby monsters.
You block the dire elephant simulacrum's attack. x2
You completely miss the dire elephant.
The dire elephant is severely wounded.
You slash the dire elephant! You slash the dire elephant simulacrum!
The dire elephant tramples you!
You hold your ground!
The dire elephant trunk-slaps you but does no damage.
The dire elephant tramples you!
You hold your ground!
The dire elephant trunk-slaps you but does no damage.
16361 ||| READING 8 scrolls of teleportation.
As you read the scroll of teleportation, it crumbles to dust.
You feel strangely unstable. The dire elephant tramples you!
You die...

............#P.7#.P#..'.##
...............##.##..###
..............###.#...#
....#........7#P.P#8.8#
...##.####...##.####'##
...#...##..#.#.P#~...##
........##...#.##~~~..#
.............#.#~Y~~~~#
.............#.#@Z~~~~#
.............#.##Y~~~##
.............#.####p'#
.............#.8##8..8#
.#...........'.P8#....#
#.......P....%.}P#....#
..........<..'.P8#.[?.#
.............#.8##8[[8#
.............#.########


You could see 2 dire elephants, a necromancer and a dire elephant simulacrum.

Vanquished Creatures
  2 dire elephants (Lair:5)
  Harold (Lair:2)
  A hydra (Lair:5)
  2 two-headed ogres
  4 death yaks (Lair:5)
  Sonja (Lair:2)
  A spectral anaconda (Lair:5)
  An obsidian statue (Lair:5)
  2 necromancers (Lair:5)
  A cyclops (D:11)
  21 elephants
  6 black mambas
  A torpor snail (Lair:4)
  10 cane toads
  A kobold demonologist (D:11)
  A rime drake (Lair:5)
  7 komodo dragons
  27 blink frogs
  6 dream sheep (Lair:5)
  A centaur simulacrum (D:11)
  Sigmund (D:3)
  3 shadows
  A vampire (D:10)
  2 wyverns
  3 basilisks
  A wraith (D:11)
  21 yaks
  A steam dragon (D:8)
  A death yak simulacrum (Lair:5)
  9 water moccasins
  A spectral cane toad (Lair:5)
  Duvessa (D:7)
  A black bear (D:10)
  3 ice beasts (D:6)
  2 orc warriors
  2 ogres
  30 wolves
  3 centaurs
  2 kobold brigands
  A gnoll sergeant (D:8)
  10 bullfrogs
  3 necrophages
  6 scorpions
  Dowan (D:7)
  10 killer bees
  An elephant simulacrum (Lair:2)
  2 vampire bats (D:11)
  A howler monkey (D:9)
  3 orc priests
  2 hounds
  2 jellies
  A gnoll bouda (D:7)
  2 iguanas
  4 orc wizards
  Terence (D:3)
  4 hell rats (Lair:5)
  A wolf simulacrum (Lair:2)
  7 ogre zombies (D:11)
  Robin (D:3)
  9 gnolls
  3 adders
  A shadow imp (D:7)
  2 white imps
  3 worms
  3 dart slugs
  30 orcs
  5 ball pythons
  4 bat skeletons (D:11)
  2 bat zombies (D:11)
  6 endoplasms
  2 giant cockroaches
  13 goblins
  10 hobgoblins
  2 jackals (D:1)
  20 kobolds
  2 quokkas
  3 bats
  2 frilled lizards (D:1)
  2 hobgoblin zombies (D:11)
  2 orc skeletons (D:11)
  20 orc zombies (D:11)
  4 rats
398 creatures vanquished.

Vanquished Creatures (others)
  28 fungi
  28 plants
  21 withered plants (Lair:5)
77 creatures vanquished.

Grand Total: 475 creatures vanquished

Notes
Turn   | Place    | Note
-------+----------+-------------------------------------------
     0 | D:1      | qw the Gargoyle Fighter began the quest for the Orb.
     0 | D:1      | Reached XP level 1. HP: 14/14 MP: 1/1
     0 | D:1      | 0 ||| qw: Version: 0.2-a-10-g37ed214
     0 | D:1      | 0 ||| qw: Game counter: 621
     0 | D:1      | 0 ||| qw: Always use a shield: true
     0 | D:1      | 0 ||| qw: God list: Okawaru
     0 | D:1      | 0 ||| qw: Allow faded altars: false
     0 | D:1      | 0 ||| qw: Do Orc after D:15 true
     0 | D:1      | 0 ||| qw: Do second Lair branch before Depths: true
     0 | D:1      | 0 ||| qw: Lair rune preference: random
     0 | D:1      | 0 ||| qw: Plans: Normal, Zot:1-4, God:TSO, Crypt, Tomb,
                  | Pan, Slime:5, Hells, Abyss, Orb
     0 | D:1      | 0 ||| PLANNING D:1-11
    56 | D:1      | 56 ||| Stepping ~*~*~tactically~*~*~ (hiding).
    60 | D:1      | Reached skill level 2 in Axes
   164 | D:1      | 164 ||| Stepping ~*~*~tactically~*~*~ (stealth).
   173 | D:1      | Reached XP level 2. HP: 19/19 MP: 2/2
   242 | D:1      | You fall into a shaft and drop 1 floor!
   541 | D:2      | 541 ||| Stepping ~*~*~tactically~*~*~ (stealth).
   546 | D:2      | 546 ||| Stepping ~*~*~tactically~*~*~ (stealth).
   563 | D:2      | 563 ||| Stepping ~*~*~tactically~*~*~ (stealth).
   564 | D:2      | 564 ||| Stepping ~*~*~tactically~*~*~ (stealth).
   572 | D:2      | Reached skill level 3 in Axes
   580 | D:2      | 580 ||| UPGRADING to +0 helmet.
   585 | D:2      | 585 ||| DROPPING ring of flight.
   586 | D:2      | 586 ||| UPGRADING to ring of protection from cold.
   587 | D:2      | 587 ||| READING 2 scrolls labelled VUARYE HYLLUEN.
   588 | D:2      | 588 ||| READING scroll labelled ABBEIGR QEAME.
   607 | D:1      | Reached XP level 3. HP: 23/23 MP: 3/3
   764 | D:1      | 764 ||| Stepping ~*~*~tactically~*~*~ (stealth).
   781 | D:1      | Found a faded altar of an unknown god.
   792 | D:1      | 792 ||| Stepping ~*~*~tactically~*~*~ (stealth).
  1182 | D:1      | 1182 ||| READING scroll labelled NEFEUSOQUTOIT.
  1185 | D:1      | 1185 ||| READING scroll labelled YSIGRU SOCA.
  1186 | D:1      | 1186 ||| READING scroll labelled XURIP WAJO.
  1187 | D:1      | 1187 ||| READING scroll labelled XOAPNU VOAPPA.
  1188 | D:1      | 1188 ||| DRINKING 2 viscous coppery potions.
  1213 | D:2      | 1213 ||| Stepping ~*~*~tactically~*~*~ (stealth).
  1285 | D:2      | 1285 ||| Stepping ~*~*~tactically~*~*~ (stealth).
  1454 | D:2      | 1454 ||| UPGRADING to +0 pair of boots.
  1459 | D:2      | 1459 ||| READING 2 scrolls of identify.
  1459 | D:2      | 1459 ||| IDENTIFYING inky potion
  1565 | D:3      | 1565 ||| Stepping ~*~*~tactically~*~*~ (stealth).
  1607 | D:3      | Noticed Robin
  1608 | D:3      | 1608 ||| Stepping ~*~*~tactically~*~*~ (hiding).
  1611 | D:3      | 1611 ||| Stepping ~*~*~tactically~*~*~ (stealth).
  1622 | D:3      | Killed Robin
  1623 | D:3      | Reached XP level 4. HP: 22/28 MP: 4/4
  1625 | D:3      | Reached skill level 4 in Axes
  1709 | D:3      | Noticed Terence
  1721 | D:3      | Killed Terence
  2058 | D:3      | Noticed Sigmund
  2062 | D:3      | Killed Sigmund
  2063 | D:3      | Reached skill level 5 in Axes
  2063 | D:3      | Reached XP level 5. HP: 24/32 MP: 5/5
  2063 | D:3      | Reached XP level 6. HP: 28/37 MP: 6/6
  2149 | D:3      | 2149 ||| Stepping ~*~*~tactically~*~*~ (stealth).
  2150 | D:3      | 2150 ||| Stepping ~*~*~tactically~*~*~ (stealth).
  2181 | D:3      | 2181 ||| DROPPING +0 club.
  2468 | D:3      | 2468 ||| UPGRADING to amulet of the acrobat.
  2473 | D:3      | 2473 ||| READING scroll labelled GUPNEM UMEUL.
  2474 | D:3      | 2474 ||| DRINKING 2 lumpy blue potions.
  2475 | D:3      | 2475 ||| READING 3 scrolls of identify.
  2475 | D:3      | 2475 ||| IDENTIFYING sedimented amethyst potion
  2476 | D:3      | 2476 ||| READING 2 scrolls of identify.
  2476 | D:3      | 2476 ||| IDENTIFYING lumpy green potion
  2477 | D:3      | 2477 ||| DROPPING potion of brilliance.
  2524 | D:4      | Found an ornate altar of the Wu Jian Council.
  2527 | D:4      | 2527 ||| DRINKING potion of curing.
  2527 | D:4      | 2527 ||| (to cure confusion)
  2644 | D:4      | Found a glowing golden altar of the Shining One.
  2645 | D:4      | 2645 ||| DROPPING +0 mace.
  2820 | D:4      | 2820 ||| Stepping ~*~*~tactically~*~*~ (hiding).
  2983 | D:4      | Found a staircase to the Ecumenical Temple.
  2984 | D:4      | 2984 ||| PLANNING TEMPLE
  2988 | D:4      | 2988 ||| UPGRADING to +0 chain mail.
  2998 | D:4      | 2998 ||| DROPPING +0 scale mail.
  2999 | D:4      | 2999 ||| UPGRADING to +4 ring of evasion.
  3000 | D:4      | 3000 ||| READING scroll labelled UNGIXT BURPHUMA.
  3001 | D:4      | 3001 ||| READING 3 scrolls labelled TAEJUI MUWEOR.
  3002 | D:4      | 3002 ||| DROPPING 2 scrolls of blinking.
  3009 | Temple   | Entered the Ecumenical Temple
  3097 | Temple   | 3097 ||| PLANNING OKAWARU WORSHIP
  3159 | Temple   | Became a worshipper of Warmaster Okawaru
  3160 | Temple   | 3160 ||| PLANNING D:1-11
  3522 | D:5      | Entered Level 5 of the Dungeon
  3540 | D:5      | Reached skill level 6 in Axes
  3570 | D:5      | Reached skill level 1 in Dodging
  3615 | D:5      | Reached XP level 7. HP: 43/43 MP: 7/7
  3618 | D:5      | 3618 ||| Stepping ~*~*~tactically~*~*~ (stealth).
  3620 | D:5      | 3620 ||| Stepping ~*~*~tactically~*~*~ (stealth).
  3672 | D:5      | 3672 ||| DRINKING potion of curing.
  3672 | D:5      | 3672 ||| (to cure confusion)
  3791 | D:5      | 3791 ||| Stepping ~*~*~tactically~*~*~ (stealth).
  3799 | D:5      | 3799 ||| Stepping ~*~*~tactically~*~*~ (stealth).
  3809 | D:5      | 3809 ||| Stepping ~*~*~tactically~*~*~ (stealth).
  3814 | D:5      | Reached * piety under Okawaru
  3815 | D:5      | Reached skill level 7 in Axes
  3886 | D:5      | 3886 ||| INVOKING Heroism.
  3887 | D:5      | 3887 ||| INVOKING Heroism.
  3928 | D:5      | Reached skill level 1 in Invocations
  3978 | D:5      | 3978 ||| Stepping ~*~*~tactically~*~*~ (hiding).
  3990 | D:5      | Reached XP level 8. HP: 46/48 MP: 9/9
  4149 | D:5      | 4149 ||| UPGRADING to +4 ring of protection.
  4151 | D:5      | 4151 ||| READING scroll labelled QARAYX ACIAZU.
  4219 | D:6      | 4219 ||| Stepping ~*~*~tactically~*~*~ (hiding).
  4234 | D:6      | Reached skill level 3 in Invocations
  4471 | D:6      | 4471 ||| INVOKING Heroism.
  4475 | D:6      | Reached skill level 1 in Throwing
  4605 | D:6      | Reached ** piety under Okawaru
  4680 | D:6      | Reached skill level 8 in Axes
  4905 | D:6      | 4905 ||| READING 3 scrolls of identify.
  4905 | D:6      | 4905 ||| IDENTIFYING silvery potion
  4906 | D:6      | 4906 ||| READING 2 scrolls of identify.
  4906 | D:6      | 4906 ||| IDENTIFYING emerald potion
  4907 | D:6      | 4907 ||| DROPPING potion of degeneration.
  4927 | D:7      | 4927 ||| INVOKING Heroism.
  4958 | D:7      | 4958 ||| INVOKING Heroism.
  5017 | D:7      | 5017 ||| INVOKING Heroism.
  5036 | D:7      | 5036 ||| INVOKING Heroism.
  5040 | D:7      | Reached skill level 6 in Fighting
  5052 | D:7      | Reached XP level 9. HP: 52/55 MP: 10/12
  5066 | D:7      | 5066 ||| Stepping ~*~*~tactically~*~*~ (stealth).
  5069 | D:7      | 5069 ||| Stepping ~*~*~tactically~*~*~ (stealth).
  5073 | D:7      | 5073 ||| INVOKING Heroism.
  5262 | D:7      | Noticed Duvessa
  5262 | D:7      | Noticed Dowan
  5263 | D:7      | 5263 ||| Stepping ~*~*~tactically~*~*~ (hiding).
  5270 | D:7      | 5270 ||| INVOKING Heroism.
  5282 | D:7      | 5282 ||| Stepping ~*~*~tactically~*~*~ (hiding).
  5283 | D:7      | 5283 ||| Stepping ~*~*~tactically~*~*~ (hiding).
  5285 | D:7      | Killed Duvessa
  5286 | D:7      | Reached skill level 9 in Axes
  5289 | D:7      | Killed Dowan
  5585 | D:7      | 5585 ||| Stepping ~*~*~tactically~*~*~ (hiding).
  5724 | D:7      | 5724 ||| Stepping ~*~*~tactically~*~*~ (hiding).
  6013 | D:7      | 6013 ||| UPGRADING to +2 chain mail of willpower.
  6023 | D:7      | 6023 ||| DROPPING +0 chain mail.
  6024 | D:7      | 6024 ||| READING 2 scrolls of identify.
  6024 | D:7      | 6024 ||| IDENTIFYING viscous amethyst potion
  6120 | D:8      | 6120 ||| Stepping ~*~*~tactically~*~*~ (stealth).
  6122 | D:8      | 6122 ||| Stepping ~*~*~tactically~*~*~ (hiding).
  6134 | D:8      | 6134 ||| INVOKING Heroism.
  6168 | D:8      | 6168 ||| READING scroll of enchant weapon.
  6168 | D:8      | 6168 ||| ENCHANTING +1 war axe.
  6326 | D:8      | Found a sacrificial altar of Ru.
  6329 | D:8      | Found a sparkling altar of Nemelex Xobeh.
  6343 | D:8      | Found an ancient bone altar of Kikubaaqudgha.
  6346 | D:8      | Found a glowing silver altar of Zin.
  6442 | D:8      | 6442 ||| INVOKING Heroism.
  6467 | D:8      | 6467 ||| Stepping ~*~*~tactically~*~*~ (cloud).
  6468 | D:8      | 6468 ||| Stepping ~*~*~tactically~*~*~ (cloud).
  6840 | D:8      | 6840 ||| DROPPING +6 ring of dexterity.
  6841 | D:8      | 6841 ||| READING scroll labelled IMAUSS IDUVOMP.
  6863 | D:9      | 6863 ||| Stepping ~*~*~tactically~*~*~ (stealth).
  6893 | D:9      | 6893 ||| Stepping ~*~*~tactically~*~*~ (hiding).
  7139 | D:9      | 7139 ||| INVOKING Heroism.
  7189 | D:9      | 7189 ||| READING scroll of enchant weapon.
  7189 | D:9      | 7189 ||| ENCHANTING +2 war axe.
  7347 | D:9      | 7347 ||| DROPPING +2 hat.
  7348 | D:9      | 7348 ||| READING 2 scrolls of identify.
  7348 | D:9      | 7348 ||| IDENTIFYING smoky coppery potion
  7357 | D:10     | Entered Level 10 of the Dungeon
  7414 | D:10     | 7414 ||| Stepping ~*~*~tactically~*~*~ (hiding).
  7415 | D:10     | 7415 ||| Stepping ~*~*~tactically~*~*~ (hiding).
  7416 | D:10     | 7416 ||| Stepping ~*~*~tactically~*~*~ (hiding).
  7420 | D:10     | 7420 ||| INVOKING Heroism.
  7423 | D:10     | 7423 ||| Stepping ~*~*~tactically~*~*~ (stealth).
  7425 | D:10     | 7425 ||| Stepping ~*~*~tactically~*~*~ (stealth).
  7426 | D:10     | 7426 ||| Stepping ~*~*~tactically~*~*~ (stealth).
  7427 | D:10     | 7427 ||| Stepping ~*~*~tactically~*~*~ (stealth).
  7481 | D:10     | 7481 ||| Stepping ~*~*~tactically~*~*~ (stealth).
  7483 | D:10     | 7483 ||| Stepping ~*~*~tactically~*~*~ (stealth).
  7492 | D:10     | 7492 ||| FLEEEEING.
  7494 | D:10     | 7494 ||| FLEEEEING.
  7495 | D:10     | 7495 ||| FLEEEEING.
  7496 | D:10     | 7496 ||| FLEEEEING.
  7498 | D:10     | 7498 ||| FLEEEEING.
  7501 | D:10     | 7501 ||| FLEEEEING.
  7502 | D:10     | 7502 ||| FLEEEEING.
  7503 | D:10     | 7503 ||| FLEEEEING.
  7504 | D:10     | 7504 ||| FLEEEEING.
  7508 | D:10     | 7508 ||| STAIRDANCE
  7608 | D:10     | Found Kiduod's Magic Scroll Emporium.
  7614 | D:10     | 7614 ||| BUYING scroll of enchant armour (127 gold).
  7614 | D:10     | Bought a scroll of enchant armour for 127 gold pieces
  7614 | D:10     | 7614 ||| BUYING scroll of identify (34 gold).
  7614 | D:10     | Bought a scroll of identify for 34 gold pieces
  7614 | D:10     | 7614 ||| BUYING scroll of identify (34 gold).
  7614 | D:10     | Bought a scroll of identify for 34 gold pieces
  7614 | D:10     | 7614 ||| BUYING scroll of teleportation (51 gold).
  7614 | D:10     | Bought a scroll of teleportation for 51 gold pieces
  7614 | D:10     | 7614 ||| BUYING scroll of teleportation (51 gold).
  7614 | D:10     | Bought a scroll of teleportation for 51 gold pieces
  7614 | D:10     | 7614 ||| READING scroll of enchant armour.
  7614 | D:10     | 7614 ||| ENCHANTING +0 helmet.
  7655 | D:10     | 7655 ||| INVOKING Heroism.
  7659 | D:10     | Reached XP level 10. HP: 37/63 MP: 10/13
  7793 | D:10     | Found Nizxu's Antique Weapon Boutique.
  7812 | D:10     | 7812 ||| BUYING broad axe (96 gold).
  7812 | D:10     | Bought a broad axe for 96 gold pieces
  7812 | D:10     | 7812 ||| BUYING glowing morningstar (168 gold).
  7812 | D:10     | Bought a glowing morningstar for 168 gold pieces
  7812 | D:10     | 7812 ||| SWAPPING to +0 broad axe.
  7813 | D:10     | 7813 ||| DROPPING +0 flail.
  7814 | D:10     | 7814 ||| DROPPING +3 war axe.
  7838 | D:10     | Reached skill level 10 in Axes
  7859 | D:10     | 7859 ||| Stepping ~*~*~tactically~*~*~ (stealth).
  7879 | D:10     | Found Sacaix's Assorted Antiques.
  7916 | D:10     | 7916 ||| BUYING glowing bronze ring (165 gold).
  7916 | D:10     | Bought a glowing bronze ring for 165 gold pieces
  7916 | D:10     | 7916 ||| SHOPLISTING plate armour (759 gold, have 38).
  7916 | D:10     | 7916 ||| SHOPLISTING scroll of teleportation (99 gold, have
                  | 38).
  7941 | D:10     | 7941 ||| INVOKING Heroism.
  8133 | D:10     | 8133 ||| READING scroll of enchant armour.
  8133 | D:10     | 8133 ||| ENCHANTING +1 helmet.
  8149 | D:10     | Noticed a two-headed ogre
  8150 | D:10     | 8150 ||| INVOKING Heroism.
  8155 | D:10     | Killed a two-headed ogre
  8155 | D:10     | Reached *** piety under Okawaru
  8190 | D:10     | Found Irig's Antique Weapon Shop.
  8196 | D:10     | 8196 ||| SHOPLISTING runed war axe (201 gold, have 75).
  8376 | D:10     | 8376 ||| READING scroll labelled QIGIFOELIL.
  8377 | D:10     | 8377 ||| READING scroll labelled GERYUM JOTI.
  8404 | D:11     | Noticed a two-headed ogre
  8405 | D:11     | 8405 ||| INVOKING Heroism.
  8412 | D:11     | Killed a two-headed ogre
  8641 | D:11     | 8641 ||| Stepping ~*~*~tactically~*~*~ (stealth).
  8643 | D:11     | 8643 ||| Stepping ~*~*~tactically~*~*~ (stealth).
  8645 | D:11     | 8645 ||| Stepping ~*~*~tactically~*~*~ (stealth).
  8646 | D:11     | Noticed a kobold demonologist
  8647 | D:11     | 8647 ||| Stepping ~*~*~tactically~*~*~ (stealth).
  8652 | D:11     | 8652 ||| Stepping ~*~*~tactically~*~*~ (stealth).
  8655 | D:11     | 8655 ||| INVOKING Heroism.
  8657 | D:11     | Reached skill level 6 in Armour
  8674 | D:11     | 8674 ||| FLEEEEING.
  8675 | D:11     | 8675 ||| FLEEEEING.
  8679 | D:11     | 8679 ||| INVOKING Heroism.
  8682 | D:11     | 8682 ||| STAIRDANCE
  8869 | D:10     | 8869 ||| UPGRADING to amulet of reflection.
  8879 | D:10     | 8879 ||| DROPPING amulet of the acrobat.
  8891 | D:11     | 8891 ||| Stepping ~*~*~tactically~*~*~ (stealth).
  8896 | D:11     | 8896 ||| Stepping ~*~*~tactically~*~*~ (stealth).
  8898 | D:11     | 8898 ||| Stepping ~*~*~tactically~*~*~ (stealth).
  8899 | D:11     | 8899 ||| INVOKING Heroism.
  8919 | D:11     | 8919 ||| Stepping ~*~*~tactically~*~*~ (stealth).
  8919 | D:11     | Found a staircase to the Orcish Mines.
  8936 | D:11     | 8936 ||| INVOKING Heroism.
  8951 | D:11     | Noticed a sun demon
  8959 | D:11     | 8959 ||| INVOKING Heroism.
  8971 | D:11     | Killed a kobold demonologist
  8971 | D:11     | Reached **** piety under Okawaru
  9029 | D:11     | 9029 ||| FLEEEEING.
  9030 | D:11     | 9030 ||| FLEEEEING.
  9031 | D:11     | 9031 ||| FLEEEEING.
  9032 | D:11     | 9032 ||| FLEEEEING.
  9033 | D:11     | 9033 ||| FLEEEEING.
  9034 | D:11     | 9034 ||| FLEEEEING.
  9035 | D:11     | 9035 ||| FLEEEEING.
  9036 | D:11     | 9036 ||| STAIRDANCE
  9185 | D:11     | 9185 ||| STAIRDANCE
  9189 | D:10     | 9189 ||| INVOKING Heroism.
  9238 | D:11     | Noticed a cyclops
  9239 | D:11     | 9239 ||| INVOKING Heroism.
  9253 | D:11     | Killed a cyclops
  9269 | D:11     | 9269 ||| FLEEEEING.
  9409 | D:11     | 9409 ||| INVOKING Heroism.
  9459 | D:11     | 9459 ||| INVOKING Heroism.
  9462 | D:11     | Reached skill level 11 in Axes
  9462 | D:11     | Reached XP level 11. HP: 48/69 MP: 11/14
  9576 | D:11     | Found a staircase to the Lair.
  9577 | D:11     | 9577 ||| INVOKING Heroism.
  9580 | D:11     | Received a gift from Okawaru
  9607 | D:11     | Found Xoff's Book Boutique.
  9616 | D:11     | 9616 ||| READING scroll of enchant weapon.
  9616 | D:11     | 9616 ||| ENCHANTING +0 broad axe.
  9633 | D:11     | 9633 ||| READING scroll of enchant weapon.
  9633 | D:11     | 9633 ||| ENCHANTING +1 broad axe.
  9696 | D:11     | Found a portal to a secret trove of treasure.
  9935 | D:11     | Found an ancient bone altar of Kikubaaqudgha.
  9969 | D:11     | 9969 ||| PLANNING LAIR
 10028 | Lair:1   | Entered Level 1 of the Lair of Beasts
 10038 | Lair:1   | 10038 ||| INVOKING Heroism.
 10163 | Lair:1   | 10163 ||| INVOKING Heroism.
 10171 | Lair:1   | Reached skill level 9 in Fighting
 10234 | Lair:1   | 10234 ||| Stepping ~*~*~tactically~*~*~ (stealth).
 10236 | Lair:1   | 10236 ||| Stepping ~*~*~tactically~*~*~ (stealth).
 10238 | Lair:1   | 10238 ||| Stepping ~*~*~tactically~*~*~ (stealth).
 10239 | Lair:1   | 10239 ||| Stepping ~*~*~tactically~*~*~ (stealth).
 10240 | Lair:1   | 10240 ||| INVOKING Heroism.
 10296 | Lair:1   | 10296 ||| INVOKING Heroism.
 10387 | Lair:1   | Reached skill level 6 in Invocations
 10497 | Lair:1   | 10497 ||| INVOKING Heroism.
 10746 | Lair:1   | 10746 ||| DROPPING amulet of regeneration.
 10747 | Lair:1   | 10747 ||| DROPPING +6 ring of strength.
 10785 | Lair:2   | 10785 ||| INVOKING Heroism.
 10786 | Lair:2   | 10786 ||| Stepping ~*~*~tactically~*~*~ (stealth).
 10787 | Lair:2   | 10787 ||| Stepping ~*~*~tactically~*~*~ (stealth).
 10801 | Lair:2   | Reached skill level 3 in Throwing
 10823 | Lair:2   | 10823 ||| INVOKING Heroism.
 10836 | Lair:2   | Received a gift from Okawaru
 10836 | Lair:2   | Reached ***** piety under Okawaru
 10840 | Lair:2   | HP: 12/71 [elephant (8)]
 10841 | Lair:2   | 10841 ||| READING 7 scrolls of teleportation.
 10842 | Lair:2   | 10842 ||| DRINKING 2 potions of heal wounds.
 11032 | Lair:2   | Noticed Sonja
 11033 | Lair:2   | 11033 ||| INVOKING Heroism.
 11034 | Lair:2   | 11034 ||| INVOKING Finesse.
 11036 | Lair:2   | Reached skill level 12 in Axes
 11044 | Lair:2   | Reached skill level 6 in Shields
 11047 | Lair:2   | Reached XP level 12. HP: 61/76 MP: 11/18
 11057 | Lair:2   | Killed Sonja
 11134 | Lair:2   | Noticed Harold
 11135 | Lair:2   | 11135 ||| INVOKING Heroism.
 11142 | Lair:2   | Reached skill level 9 in Invocations
 11152 | Lair:2   | Killed Harold
 11182 | Lair:2   | 11182 ||| INVOKING Heroism.
 11393 | Lair:2   | 11393 ||| Stepping ~*~*~tactically~*~*~ (stealth).
 11463 | Lair:2   | Found a frozen archway.
 11563 | Lair:2   | Found a staircase to the Swamp.
 11841 | Lair:2   | Received a gift from Okawaru
 12068 | Lair:2   | 12068 ||| DROPPING orb of light.
 12069 | Lair:2   | 12069 ||| READING 8 scrolls of identify.
 12069 | Lair:2   | 12069 ||| IDENTIFYING green potion
 12070 | Lair:2   | 12070 ||| DROPPING potion of flight.
 12150 | Lair:3   | 12150 ||| Stepping ~*~*~tactically~*~*~ (stealth).
 12161 | Lair:3   | 12161 ||| FLEEEEING.
 12162 | Lair:3   | 12162 ||| FLEEEEING.
 12163 | Lair:3   | 12163 ||| FLEEEEING.
 12164 | Lair:3   | 12164 ||| FLEEEEING.
 12165 | Lair:3   | 12165 ||| FLEEEEING.
 12166 | Lair:3   | 12166 ||| FLEEEEING.
 12167 | Lair:3   | 12167 ||| STAIRDANCE
 12207 | Lair:3   | 12207 ||| STAIRDANCE
 12218 | Lair:3   | 12218 ||| STAIRDANCE
 12287 | Lair:3   | 12287 ||| Stepping ~*~*~tactically~*~*~ (hiding).
 12288 | Lair:3   | Found a staircase to the Snake Pit.
 12436 | Lair:3   | 12436 ||| Stepping ~*~*~tactically~*~*~ (stealth).
 12437 | Lair:3   | 12437 ||| INVOKING Heroism.
 12447 | Lair:3   | Received a gift from Okawaru
 12645 | Lair:3   | 12645 ||| INVOKING Heroism.
 12652 | Lair:3   | Received a gift from Okawaru
 13107 | Lair:3   | 13107 ||| INVOKING Heroism.
 13318 | Lair:3   | 13318 ||| DROPPING scarf of shadows.
 13319 | Lair:3   | 13319 ||| DROPPING amulet of guardian spirit.
 13320 | Lair:3   | 13320 ||| READING scroll labelled USARPH YZEESE.
 13320 | Lair:3   | Identified a scroll of acquirement
 13320 | Lair:3   | 13320 ||| ACQUIRING 790 gold pieces
 13320 | Lair:3   | Acquired 790 gold pieces
 13437 | Lair:4   | 13437 ||| INVOKING Heroism.
 13450 | Lair:4   | 13450 ||| Stepping ~*~*~tactically~*~*~ (hiding).
 13454 | Lair:4   | 13454 ||| INVOKING Heroism.
 13456 | Lair:4   | Received a gift from Okawaru
 13457 | Lair:4   | Reached skill level 13 in Axes
 13544 | Lair:4   | 13544 ||| INVOKING Heroism.
 13705 | Lair:4   | 13705 ||| INVOKING Heroism.
 13715 | Lair:4   | Received a gift from Okawaru
 13717 | Lair:4   | 13717 ||| Stepping ~*~*~tactically~*~*~ (stealth).
 13738 | Lair:4   | 13738 ||| INVOKING Heroism.
 13758 | Lair:4   | Received a gift from Okawaru
 13913 | Lair:4   | Reached XP level 13. HP: 75/82 MP: 20/20
 14038 | Lair:4   | Found a staircase to the Slime Pits.
 14038 | Lair:4   | Found a viscous altar of Jiyva.
 14136 | Lair:4   | 14136 ||| INVOKING Heroism.
 14337 | Lair:5   | Entered Level 5 of the Lair of Beasts
 14341 | Lair:5   | 14341 ||| INVOKING Heroism.
 14342 | Lair:5   | 14342 ||| STAIRDANCE
 14356 | Lair:5   | 14356 ||| STAIRDANCE
 14372 | Lair:4   | Identified the +2 scale mail of Xoygol {Dex+4 Slay+2}
                  | (Okawaru gifted it to you on level 4 of the Lair of Beasts)
 14372 | Lair:4   | Received a gift from Okawaru
 14415 | Lair:5   | 14415 ||| STAIRDANCE
 14498 | Lair:5   | 14498 ||| STAIRDANCE
 14500 | Lair:4   | 14500 ||| INVOKING Heroism.
 14532 | Lair:5   | 14532 ||| INVOKING Heroism.
 14536 | Lair:5   | Reached skill level 14 in Axes
 14547 | Lair:5   | Identified the +12 glaive of Dishonesty {freeze, Str+5}
 14561 | Lair:5   | Identified the +2 robe of the Slug {-Tele Rampage rF+}
 14566 | Lair:5   | 14566 ||| Stepping ~*~*~tactically~*~*~ (stealth).
 14568 | Lair:5   | 14568 ||| Stepping ~*~*~tactically~*~*~ (stealth).
 14590 | Lair:5   | 14590 ||| INVOKING Heroism.
 14613 | Lair:5   | 14613 ||| Stepping ~*~*~tactically~*~*~ (stealth).
 14666 | Lair:5   | 14666 ||| INVOKING Heroism.
 14667 | Lair:5   | 14667 ||| INVOKING Finesse.
 14745 | Lair:5   | 14745 ||| Stepping ~*~*~tactically~*~*~ (stealth).
 14750 | Lair:5   | 14750 ||| Stepping ~*~*~tactically~*~*~ (stealth).
 14799 | Lair:5   | 14799 ||| FLEEEEING.
 14800 | Lair:5   | 14800 ||| FLEEEEING.
 14801 | Lair:5   | 14801 ||| FLEEEEING.
 14802 | Lair:5   | 14802 ||| FLEEEEING.
 14803 | Lair:5   | 14803 ||| FLEEEEING.
 14805 | Lair:5   | 14805 ||| FLEEEEING.
 14807 | Lair:5   | 14807 ||| FLEEEEING.
 14808 | Lair:5   | 14808 ||| FLEEEEING.
 14809 | Lair:5   | 14809 ||| FLEEEEING.
 14810 | Lair:5   | 14810 ||| FLEEEEING.
 14811 | Lair:5   | 14811 ||| FLEEEEING.
 14812 | Lair:5   | 14812 ||| STAIRDANCE
 14855 | Lair:4   | 14855 ||| DROPPING amulet of faith.
 15000 | Lair:5   | 15000 ||| INVOKING Heroism.
 15026 | Lair:5   | 15026 ||| INVOKING Finesse.
 15029 | Lair:5   | 15029 ||| INVOKING Heroism.
 15030 | Lair:5   | 15030 ||| SWAPPING to +4 morningstar of holy wrath.
 15035 | Lair:5   | 15035 ||| SWAPPING to +2 broad axe.
 15107 | Lair:5   | 15107 ||| INVOKING Heroism.
 15218 | Lair:5   | 15218 ||| INVOKING Heroism.
 15232 | Lair:5   | 15232 ||| READING scroll of enchant armour.
 15232 | Lair:5   | 15232 ||| ENCHANTING +0 pair of boots.
 15236 | Lair:5   | 15236 ||| Stepping ~*~*~tactically~*~*~ (stealth).
 15260 | Lair:5   | Identified the +4 broad axe of Yduecirgh {freeze, *Rage
                  | rElec rF+} (Okawaru gifted it to you on level 5 of the Lair
                  | of Beasts)
 15260 | Lair:5   | Received a gift from Okawaru
 15262 | Lair:5   | 15262 ||| DROPPING +4 broad axe of Yduecirgh {freeze, *Rage
                  | rElec rF+}.
 15265 | Lair:5   | 15265 ||| READING scroll of enchant armour.
 15265 | Lair:5   | 15265 ||| ENCHANTING +1 pair of boots.
 15364 | Lair:5   | 15364 ||| INVOKING Heroism.
 15631 | Lair:5   | 15631 ||| INVOKING Heroism.
 15768 | Lair:5   | Noticed a dire elephant
 15768 | Lair:5   | Noticed a dire elephant
 15769 | Lair:5   | Noticed a dire elephant
 15770 | Lair:5   | Noticed a dire elephant
 15771 | Lair:5   | 15771 ||| INVOKING Heroism.
 15792 | Lair:5   | Killed a dire elephant
 15793 | Lair:5   | Reached skill level 15 in Axes
 15874 | Lair:5   | 15874 ||| Stepping ~*~*~tactically~*~*~ (stealth).
 15880 | Lair:5   | 15880 ||| Stepping ~*~*~tactically~*~*~ (stealth).
 15962 | Lair:5   | 15962 ||| INVOKING Heroism.
 15963 | Lair:5   | 15963 ||| INVOKING Finesse.
 15978 | Lair:5   | Reached skill level 9 in Armour
 15978 | Lair:5   | Gained mutation: Your large and strong wings let you fly.
                  | [Gargoyle growth]
 15978 | Lair:5   | Reached XP level 14. HP: 84/90 MP: 14/21
 16027 | Lair:5   | 16027 ||| INVOKING Heroism.
 16046 | Lair:5   | Reached skill level 3 in Dodging
 16198 | Lair:5   | 16198 ||| Stepping ~*~*~tactically~*~*~ (hiding).
 16200 | Lair:5   | 16200 ||| INVOKING Heroism.
 16201 | Lair:5   | 16201 ||| INVOKING Finesse.
 16263 | Lair:5   | 16263 ||| INVOKING Finesse.
 16326 | Lair:5   | 16326 ||| Stepping ~*~*~tactically~*~*~ (stealth).
 16340 | Lair:5   | 16340 ||| Stepping ~*~*~tactically~*~*~ (hiding).
 16341 | Lair:5   | 16341 ||| INVOKING Heroism.
 16352 | Lair:5   | Killed a dire elephant
 16360 | Lair:5   | HP: 15/91 [dire elephant (15)]
 16360 | Lair:5   | HP: 6/91 [dire elephant (9)]
 16361 | Lair:5   | 16361 ||| READING 8 scrolls of teleportation.
 16361 | Lair:5   | Slain by a dire elephant

Levels and vault maps discovered:
D:1:      saegor_arrival_miasma, layout_loops_ring,
          hellmonk_ecumenical_altar_prayer_group
D:2:      layout_basic, serial_aquarium, aquarium_bridge_square
          [aquarium_subvault_wall, aquarium_subvault_bridge,
          aquarium_subvault_wall, aquarium_subvault_window], aquarium_window_2,
          aquarium_window_corner, aquarium_view_2d, serial_bayou_pond_a
D:3:      layout_basic, roderic_st_hans_cross, minmay_surrounded, uniq_terence,
          uniq_sigmund, uniq_robin
D:4:      layout_cave_pods, mainiacjoe_overflow_large_starburst, temple_green
D:5:      layout_cave_pools
D:6:      layout_cave_pods
D:7:      layout_loops_ring, uniq_duvessa
D:8:      layout_loops_ring, grunt_temple_overflow_cloverleaf
D:9:      layout_cave_pools, hangedman_abyss_or_decor_clamps
D:10:     layout_loops_ring, serial_shops, nicolae_square_shop,
          nicolae_shop_overgrown_old_shop, shop, nicolae_shop_statue_plus
D:11:     layout_cave_pools, grunt_lair_entry_orc_guard_hut, zombieorc2_lemuel,
          enter_trove_6, serial_shops, nicolae_shop_hallway_plus,
          chequers_serial_rivers_micro_d, kennysheep_vampire_church
Temple:   nicolae_temple_elliptical
Lair:1:   layout_big_grid
Lair:2:   layout_gridlike, swamp_mist_pool, portal_ice_cave_entry_ice_simulacra,
          serial_bayou_shore_a, grunt_megastairs_2, lemuel_fruit_fields,
          uniq_sonja, uniq_harold
Lair:3:   layout_gridlike, minmay_snake_entry_six_corridors
Lair:4:   layout_gridlike, slime_entry_1, grunt_megastairs_4
Lair:5:   due_jungle_book, layout_gridlike, minivault_25, serial_bayou_pond_d,
          nicolae_lair_grove_arrangements, lemuel_fruit_fields

Skill      XL: |  1  2  3  4  5  6  7  8  9 10 11 12 13 14 |
---------------+-------------------------------------------+-----
Axes           | 2 3 5 6 7 8 9 11 12 13 15 | 15.0
Fighting       | 4 6 7 8 9 10 11 | 11.9
Dodging        | 1 2 3 |  3.0
Invocations    | 2 4 5 8 10 | 10.0
Throwing       | 1 2 3 4 5 |  5.0
Armour         | 4 5 6 8 9 |  9.0
Shields        | 4 5 6 7 |  7.1

Action                   |  1- 3 |  4- 6 |  7- 9 | 10-12 | 13-15 || total
-------------------------+-------+-------+-------+-------+-------++-------
Melee: War axe           |   122 |    89 |   261 |       |       ||   472
       Broad axe         |       |       |       |   469 |   358 ||   827
       Morningstar       |       |       |       |       |     4 ||     4
Throw: Boomerang         |    18 |    40 |    58 |    85 |    21 ||   222
       Javelin           |       |       |       |    33 |    37 ||    70
Invok: Heroism           |       |       |    13 |    31 |    17 ||    61
       Finesse           |       |       |       |     1 |     5 ||     6
  Use: Scroll            |     7 |     5 |     9 |     8 |     3 ||    32
       Potion            |     1 |     2 |     1 |     1 |       ||     5
Armor: Scale mail        |    50 |    35 |       |       |       ||    85
       Chain mail        |       |     7 |   131 |   217 |   161 ||   516
Dodge: Dodged            |    50 |    30 |   178 |   223 |   156 ||   637
Block: Buckler           |    20 |    19 |    64 |   216 |   179 ||   498
       Reflection        |       |       |       |     8 |     1 ||     9

Table legend:
 A = Non-vault XP
 B = Vault XP
 C = Vault XP percentage of total XP
 D = Non-vault monster count
 E = Vault monster count
 F = Vault count percentage of total count
                 A         B        C        D         E       F
            +---------+---------+-------+---------+---------+-------
      Total |   42854 |   16397 |  27.7 |     290 |     108 |  27.1
            +---------+---------+-------+---------+---------+-------
        D:1 |      34 |       3 |   8.1 |      20 |       2 |   9.1
        D:2 |      29 |       0 |   0.0 |      14 |       0 |   0.0
        D:3 |      41 |     302 |  88.0 |      16 |      17 |  51.5
        D:4 |      83 |       0 |   0.0 |      11 |       0 |   0.0
        D:5 |     737 |       0 |   0.0 |      22 |       0 |   0.0
        D:6 |     721 |       0 |   0.0 |      12 |       0 |   0.0
        D:7 |     911 |     202 |  18.1 |      22 |       2 |   8.3
        D:8 |     837 |       0 |   0.0 |      15 |       0 |   0.0
        D:9 |     480 |       0 |   0.0 |       7 |       0 |   0.0
       D:10 |    1841 |     133 |   6.7 |      17 |       1 |   5.6
       D:11 |    2038 |    1162 |  36.3 |       5 |      46 |  90.2
     Lair:1 |    2926 |       0 |   0.0 |      11 |       0 |   0.0
     Lair:2 |    7612 |    2741 |  26.5 |      27 |      12 |  30.8
     Lair:3 |    3307 |    1349 |  29.0 |      21 |       5 |  19.2
     Lair:4 |    7443 |    2285 |  23.5 |      29 |       9 |  23.7
     Lair:5 |   13814 |    8220 |  37.3 |      41 |      14 |  25.5
            +---------+---------+-------+---------+---------+-------
